 Dungeon Crawl Stone Soup version 0.32-a0-928-g1cae6b7ea0 (webtiles) character file.

Game seed: 8270296514848114952

6002 croobank the Covert (level 10, -11/51 HPs)
             Began as a Felid Summoner on Apr 12, 2024.
             Shot with an arrow by a centaur (14 damage)
             ... on level 11 of the Dungeon.
             The game lasted 00:49:57 (12826 turns).

croobank the Covert (Felid Summoner)               Turns: 12826, Time: 00:49:58

Health: -11/51     AC:  2    Str:  4    XL:     10   Next: 55%
Magic:  19/19      EV: 22    Int: 22    God:
Gold:   479        SH:  0    Dex: 18    Spells: 6/20 levels left
                                        Lives:  0   Deaths: 4

rFire   . . .        (weapon unavailable)
rCold   . . .        (shield unavailable)
rNeg    . . .        (body armour unavailable)
rPois   .            (helmet unavailable)
rElec   .            (cloak unavailable)
rCorr   .            (gloves unavailable)
SInv    +            (boots unavailable)
Will    +....        (no amulet)
Stlth   +++++        t - ring of flight
HPRegen 0.28/turn    (no ring)
MPRegen 0.16/turn

%: no passive effects
@: beast-form, flying
A: beast (slay +2), very small, claws 1, fangs 3, see invisible, shaggy fur 2,
stealthy paws, no weapons or thrown items, no armour, multi-lived
a: Begin Untransformation


You were on level 11 of the Dungeon.
You were a hulking beast.
You visited 2 branches of the dungeon, and saw 12 of its levels.
You also visited: Bailey.

You collected 570 gold pieces.
You spent 91 gold pieces at shops.

Inventory:

Jewellery
 m - a ring of positive energy
 t - a ring of flight (left paw)
Talismans
 k - a beast talisman (active)
Wands
 g - a wand of polymorph (5)
 o - a wand of iceblast (11)
 r - a wand of digging (8)
Scrolls
 b - a scroll of enchant weapon
 d - a scroll of brand weapon
 i - a scroll of fog
 q - a scroll of revelation
 u - a scroll of identify
 w - a scroll of vulnerability
Potions
 a - a potion of magic
 e - 4 potions of attraction
 f - 8 potions of curing
 h - a potion of brilliance
 j - a potion of might
 l - 2 potions of ambrosia
 n - 2 potions of mutation {unknown}
 p - 2 potions of enlightenment {unknown}
 s - a potion of invisibility {unknown}
 v - a potion of lignification {unknown}
Miscellaneous
 c - a phantom mirror


   Skills:
 + Level 4.5 Fighting
 + Level 8.4 Dodging
 - Level 10.0 Stealth
 + Level 5.8 Spellcasting
 + Level 7.2 Summonings
 - Level 5.0 Fire Magic
 + Level 3.3 Air Magic
 + Level 4.4 Shapeshifting


You had 6 spell levels left.
You knew the following spells:

 Your Spells              Type           Power      Damage    Failure   Level
a - Summon Small Mammal   Summ           100%       N/A       1%          1
b - Call Imp              Summ           76%        N/A       1%          2
c - Call Canine Familiar  Summ           38%        N/A       1%          3
d - Summon Blazeheart Go  Fire/Summ      33%        N/A       8%          4
e - Summon Lightning Spi  Summ/Air       29%        N/A       11%         4

Your spell library contained the following spells:

 Spells                   Type           Power      Damage    Failure   Level
 Summon Ice Beast         Ice/Summ       22%        N/A       6%          3
 Cigotuvi's Dreadful Rot  Necr/Alch/Air  22%        N/A       9%          2
 Apportation              Tloc           12%        N/A       10%         1
 Magic Dart               Conj           24%        1d4       10%         1
 Necrotise                Necr           24%        1d5       10%         1
 Slow                     Hex            24%        N/A       10%         1
 Sting                    Conj/Alch      24%        1d4       10%         1
 Jinxbite                 Hex            12%        N/A       14%         2
 Searing Ray              Conj           12%        2d4       14%         2
 Sublimation of Blood     Necr           6%         N/A       14%         2
 Confusing Touch          Hex            6%         N/A       28%         3
 Hailstorm                Conj/Ice       6%         3d5       28%         3
 Sigil of Binding         Hex            6%         N/A       28%         3
 Vampiric Draining        Necr           6%         2d6       28%         3
 Ignite Poison            Fire/Alch      17%        N/A       32%         4
 Anguish                  Hex/Necr       3%         N/A       67%         4
 Cause Fear               Hex            3%         N/A       67%         4
 Fulminant Prism          Conj/Alch      3%         3d5       67%         4
 Freezing Cloud           Conj/Ice/Air   5%         6-21      86%         5
 Alistair's Intoxication  Alch           4%         N/A       95%         5
 Death Channel            Necr           3%         N/A       100%        6
 Permafrost Eruption      Ice/Erth       3%         2x4d2     100%        6
 Sculpt Simulacrum        Ice/Alch       3%         N/A       100%        6
 Summon Hydra             Summ           19%        N/A       99%         7
 Enfeeble                 Hex            3%         N/A       100%        7


Dungeon Overview and Level Annotations

Branches:
Dungeon (11/15)            Temple (1/1) D:5          Bailey (visited)
   Lair: D:8-11         Orc: D:9-12

Altars:
Cheibriados
Dithmenos
Elyvilon
Fedhas
Gozag
Hepliaklqana
Makhleb
Okawaru
Qazlal
Ru
Sif Muna
Trog
Uskayaw
Vehumet
Xom
Yredelemnul
Zin
The Shining One
Jiyva
Lugonu

Shops:
D:3 ?   D:5 (   D:6 :

Annotations:
D:6 2 transporters, Pikel; smashvw's ghost, novice TrGl
D:9 1 transporter, ezpacito's ghost, journeyman CoCK


Innate Abilities, Weirdness & Mutations

You are a hulking beast.
Your limbs bulge with bestial killing power. (Slay +2)
You have sharp claws.
You have razor-sharp teeth.
You have supernaturally acute eyesight. (SInv)
You are covered in thick fur. (AC +2)
Your paws help you pounce on unaware monsters.
You are incapable of wielding weapons or throwing items.
You cannot wear armour.
You gain extra lives every three experience levels.


Message History

Your blazeheart golem falls apart, revealing its core!
Your blazeheart core explodes!
The fiery explosion engulfs you!!
Ouch! That really hurt!
You die...
Your shape twists and changes as you die.
The fiery explosion engulfs the gargoyle.
The gargoyle is engulfed in blazing flames.
The gargoyle barely misses you.
You rejoin the land of the living...
You feel a bit more experienced.
You reach down and open the door.
There is an open door here.
f - 8 potions of curing (gained 2)
A centaur comes into view.
You see here a scroll of vulnerability.
w - a scroll of vulnerability A centaur comes into view. 2 centaurs come into view.
Found 10 gold pieces.
The centaur shouts! x3
The centaur wields a +2 shortbow of flaming.
It bursts into flame!
The centaur shoots an arrow.
The arrow hits you! The arrow burns you.
The centaur wields a +0 shortbow.
The centaur shoots an arrow.
The arrow hits you!
The centaur wields a +0 shortbow of freezing.
It is covered in frost.
The centaur shoots an arrow.
The arrow closely misses you.
A centaur comes into view.
The centaur shoots an arrow.
The arrow closely misses you.
The centaur shoots an arrow.
The arrow closely misses you.
The centaur wields a +0 orcbow.
The centaur shoots an arrow.
The arrow closely misses you.
The centaur shoots an arrow.
The arrow hits you!
* * * LOW HITPOINT WARNING * * *
The centaur shoots an arrow.
The arrow hits you!
* * * LOW HITPOINT WARNING * * *
The arrow freezes you.
* * * LOW HITPOINT WARNING * * *
The centaur shoots an arrow.
The arrow hits you!
You die...

#.....#...≈.~...#
#.....#...≈.....#
#.....'...≈~....#####
####.....#...≈.........#
.........#...≈~........#
.........#...≈.........#
.........######........#
..............#......##
########......#.h....#
#......#......#
########......#
............#
######......# #.........
#......... #ccc.c....
#.........


You could see 4 centaurs.

Vanquished Creatures
  A two-headed ogre (D:9)
  A gargoyle (D:11)
  A kobold demonologist (D:11)
  A wyvern (D:6)
  2 water moccasins
  3 orc warriors
  A lemure (D:6)
  3 bullfrogs
  4 wights
  4 killer bees (D:8)
  2 jellies (D:8)
  Crazy Yiuf (D:5)
  A sleepcap (D:7)
  An orc wizard (D:9)
  A gnoll (D:7)
  An ufetubus (D:6)
  A dart slug (D:5)
  5 orcs
  A bat (D:2)
  An endoplasm (D:2)
  2 giant cockroaches (D:1)
  2 goblins
  2 hobgoblins
  A jackal (D:1)
  2 ball pythons
  2 frilled lizards
  A kobold (D:4)
  A rat (D:3)
49 creatures vanquished.

Vanquished Creatures (collateral kills)
  An orc knight (Bailey)
  Menkaure (D:5)
  3 orc warriors (Bailey)
  A black bear (D:5)
  A tengu (D:6)
  An ogre (D:4)
  A centaur (D:7)
  A lemure (D:6)
  A phantom (D:4)
  2 kobold brigands
  3 bullfrogs
  3 scorpions
  8 wights
  5 killer bees (D:8)
  3 howler monkeys (D:9)
  A gnoll bouda (D:7)
  2 bombardier beetles
  4 jellies
  3 orc priests
  3 hounds
  A sleepcap (D:7)
  2 iguanas (D:5)
  7 orc wizards
  8 adders
  7 gnolls (D:7)
  3 white imps
  An ufetubus (D:6)
  5 dart slugs
  4 ribbon worms
  33 orcs
  6 bats
  2 endoplasms
  5 giant cockroaches
  5 goblins
  9 hobgoblins
  7 jackals
  16 kobolds
  2 quokkas
  6 ball pythons
  3 frilled lizards
  6 rats
186 creatures vanquished.

Vanquished Creatures (others)
  An arcanist (D:4)
  An orc wizard (D:7)
  24 blazeheart cores
26 creatures vanquished.

Grand Total: 261 creatures vanquished

Notes
Turn   | Place    | Note
-------+----------+-------------------------------------------
     0 | D:1      | croobank the Felid Summoner began the quest for the Orb.
     0 | D:1      | Reached XP level 1. HP: 9/9 MP: 4/4
   219 | D:1      | Reached skill level 3 in Stealth
   222 | D:1      | Reached XP level 2. HP: 13/13 MP: 0/6
   582 | D:1      | Learned a level 2 spell: Call Imp
   779 | D:1      | Reached XP level 3. HP: 16/16 MP: 3/7
   783 | D:1      | Learned a level 3 spell: Call Canine Familiar
   971 | D:1      | Found a faded altar of an unknown god.
  1645 | D:2      | Reached XP level 4. HP: 21/21 MP: 3/8
  1645 | D:2      | Gained a life (2 lives remaining)
  1912 | D:2      | Reached skill level 4 in Stealth
  2625 | D:3      | You fall into a shaft and drop 1 floor!
  2741 | D:3      | Found Bipag's Magic Scroll Shoppe.
  2789 | D:3      | Bought a scroll of teleportation for 39 gold pieces
  2789 | D:3      | Bought a scroll of identify for 26 gold pieces
  2789 | D:3      | Bought a scroll of identify for 26 gold pieces
  2935 | D:3      | Found a shimmering blue altar of Sif Muna.
  3432 | D:4      | Reached XP level 5. HP: 20/24 MP: 4/10
  3483 | D:4      | Noticed a phantom
  3501 | D:4      | Killed a phantom
  3514 | D:4      | Learned a level 4 spell: Summon Blazeheart Golem
  3547 | D:4      | Found a bloodstained altar of Trog.
  3633 | D:4      | Reached skill level 5 in Summonings
  3633 | D:4      | Reached skill level 1 in Shapeshifting
  3633 | D:4      | Gained mutation: You are covered in thick fur. (AC +2)
                  | [Felid growth]
  3633 | D:4      | Reached XP level 6. HP: 28/28 MP: 4/11
  3737 | D:4      | Reached skill level 5 in Stealth
  3737 | D:4      | Reached skill level 1 in Fire Magic
  4369 | D:4      | Reached skill level 5 in Dodging
  4691 | D:4      | Noticed a wizard
  4694 | D:4      | Killed a wizard
  4866 | D:5      | Entered Level 5 of the Dungeon
  5021 | D:5      | Found Bualacz Lofi's Hydra Hut.
  5025 | D:5      | Noticed an eight-headed hydra
  5052 | D:5      | Reached XP level 7. HP: 32/32 MP: 2/13
  5349 | D:5      | Found a snail-covered altar of Cheibriados.
  5581 | D:5      | Found a sacrificial altar of Ru.
  5608 | D:5      | Noticed Menkaure
  5617 | D:5      | Killed Menkaure
  5720 | D:5      | Found a runed translucent door.
  5721 | D:5      | Noticed Crazy Yiuf
  5734 | D:5      | Killed Crazy Yiuf
  5807 | D:5      | Found a staircase to the Ecumenical Temple.
  6028 | Temple   | Entered the Ecumenical Temple
  6387 | D:5      | Reached skill level 6 in Stealth
  6770 | D:6      | Killed by an exploding blazeheart core
  6770 | D:6      | Lost a life (1 life remaining)
  6783 | D:6      | Found a transporter.
  6783 | D:6      | Found a transporter.
  6785 | D:6      | Noticed smashvw's ghost (novice TrGl)
  6886 | D:6      | Noticed Pikel
  6889 | D:6      | Found a hide-covered altar of Uskayaw.
  6893 | D:6      | Slain by a bullfrog
  6893 | D:6      | Lost a life (0 lives remaining)
  6898 | D:6      | Reached XP level 8. HP: 37/37 MP: 10/14
  6898 | D:6      | Gained a life (1 life remaining)
  6973 | D:6      | Reached skill level 1 in Fighting
  7136 | D:6      | Reached skill level 7 in Stealth
  7137 | D:6      | Found Piolemot's Self-Published Books.
  7437 | D:6      | Noticed a hornet
  7623 | D:6      | Learned a level 4 spell: Summon Lightning Spire
  7642 | D:6      | Noticed Maggie
  7649 | D:6      | Maggie changed into Maggie the tengu
  7649 | D:6      | Noticed Maggie
  7655 | D:6      | Killed Maggie the tengu
  8052 | D:7      | Killed by an exploding blazeheart core
  8052 | D:7      | Lost a life (0 lives remaining)
  8233 | D:7      | Reached XP level 9. HP: 41/42 MP: 9/16
  8246 | D:7      | Reached skill level 8 in Stealth
  8745 | D:7      | Reached skill level 1 in Air Magic
  9379 | D:8      | Reached skill level 5 in Fire Magic
  9538 | D:8      | Found a flagged portal.
  9676 | Bailey   | Entered a bailey
  9830 | Bailey   | Reached skill level 9 in Stealth
 10214 | Bailey   | Noticed an orc knight
 10238 | Bailey   | Reached skill level 5 in Spellcasting
 10242 | Bailey   | Killed an orc knight
 10245 | Bailey   | Reached XP level 10. HP: 34/49 MP: 9/18
 10245 | Bailey   | Gained a life (1 life remaining)
 10724 | D:8      | Found a viscous altar of Jiyva.
 11230 | D:8      | Reached skill level 10 in Stealth
 11909 | D:9      | Noticed a two-headed ogre
 11919 | D:9      | Killed a two-headed ogre
 11992 | D:9      | Found a transporter.
 11993 | D:9      | Noticed ezpacito's ghost (journeyman CoCK)
 11994 | D:9      | Noticed a two-headed ogre
 12052 | D:9      | Noticed a two-headed ogre
 12054 | D:9      | Noticed a two-headed ogre
 12055 | D:9      | Identified the +1 great mace of Qiof {vamp, *Slow rPois
                  | Dex+2}
 12055 | D:9      | Noticed a two-headed ogre
 12255 | D:9      | Found a white marble altar of Elyvilon.
 12255 | D:9      | Found a faded altar of an unknown god.
 12262 | D:9      | Found a glowing golden altar of the Shining One.
 12264 | D:9      | Found a glowing silver altar of Zin.
 12266 | D:9      | Found a stormy altar of Qazlal.
 12353 | D:10     | Entered Level 10 of the Dungeon
 12791 | D:11     | Noticed a gargoyle
 12800 | D:11     | Killed by an exploding blazeheart core
 12800 | D:11     | Lost a life (0 lives remaining)
 12801 | D:11     | Killed a gargoyle
 12825 | D:11     | HP: 2/51 [centaur/arrow (2)]
 12826 | D:11     | Shot with an arrow by a centaur

Illustrated notes

Levels and vault maps discovered:
D:1:      tarquinn_simple_flora_water_f, layout_loops_ring,
          dreamdust_ecumenical_altar_angels_and_demons, minmay_worlds_worst_comb
D:2:      layout_basic
D:3:      layout_rooms, nicolae_sif_muna_condensation, serial_shops, shop,
          minmay_misc_feat_iff, nicolae_elevator_lobby_plus
D:4:      layout_loops_ring, trog_wizard
D:5:      layout_loops_corners, mainiacjoe_overflow_tiny_flanked,
          mainiacjoe_overflow_six_doors_small, minmay_temple_entry_antechambers,
          roderic_nine_men_s_morris, serial_park_tiny_2, dreamdust_wishing_well,
          doesnt_shop_hydraphobe, uniq_crazy_yiuf_cottage, uniq_menkaure
D:6:      layout_loops_ring, eat_drink_and_be_merry_uskayaw,
          gammafunk_ghost_hive, nicolae_custom_books, fountainhead, uniq_pikel,
          uniq_maggie
D:7:      layout_loops_ring
D:8:      layout_loops_ring, enter_bailey_6, jiyva_altar_1
D:9:      layout_small_grid, chequers_temple_overflow_minitemple,
          gammafunk_ghost_smash
D:10:     layout_rooms, grunt_nemelex_the_gamble,
          gammafunk_temple_overflow_forgotten, hiddenorc1_lemuel,
          small_statue_intersection, uniq_grum
D:11:     layout_irregular_city, lair_entry_dummy, serial_rivers,
          chequers_serial_rivers_micro_e, chequers_serial_rivers_marsh,
          chequers_serial_rivers_room_a, chequers_serial_rivers_large_b
Temple:   corrupted_temple

Skill      XL: |  1  2  3  4  5  6  7  8  9 10 |
---------------+-------------------------------+-----
Stealth        | 3 4 5 6 7 9 10 | 10.0
Dodging        | 3 4 5 6 7 8 |  8.4
Spellcasting   | 3 4 5 |  5.8
Summonings     | 5 6 7 |  7.2
Shapeshifting  | 1 2 3 4 |  4.4
Fire Magic     | 2 3 4 5 |  5.0
Fighting       | 2 3 4 |  4.5
Air Magic      | 2 3 |  3.3

Action                     |  1- 3 |  4- 6 |  7- 9 | 10-12 || total
---------------------------+-------+-------+-------+-------++-------
  Melee: Unarmed           |    36 |    25 |    65 |     4 ||   130
         Bite              |     3 |     3 |    12 |     2 ||    20
   Cast: Summon Small Mamm |    39 |    46 |    28 |     2 ||   115
         Call Imp          |    16 |    28 |    25 |     6 ||    75
         Call Canine Famil |     5 |    18 |    21 |     5 ||    49
         Summon Blazeheart |       |       |    29 |    13 ||    42
         Summon Lightning  |       |       |    11 |    10 ||    21
  Evoke: Wand              |       |       |     6 |       ||     6
    Use: Scroll            |       |     3 |    13 |       ||    16
         Potion            |       |       |     1 |       ||     1
   Stab: Sleeping          |     2 |     8 |     3 |       ||    13
         Distracted        |       |     1 |     1 |       ||     2
 Armour: Skin              |    14 |     8 |    62 |    18 ||   102
  Dodge: Dodged            |    53 |    63 |   136 |    24 ||   276
   Form: Beast             |       |     1 |       |       ||     1

Table legend: (Time is in decaauts)
 A = Elapsed time spent in this place.
 B = Non-inter-level travel time spent in this place.
 C = Inter-level travel time spent in this place.
 D = Time resting spent in this place.
 E = Time spent auto-exploring this place.
 F = Levels seen in this place.
 G = Mean time per level.
                   A        B        C        D        E       F      G
               +--------+--------+--------+--------+--------+-----+--------+
         Total |  12825 |  12277 |    548 |   2154 |   7457 |  13 |  986.5 |
       Dungeon |  11767 |  11236 |    531 |   1570 |   7242 |  11 | 1069.7 |
        Temple |     53 |     37 |     16 |      0 |      0 |   1 |   53.0 |
        Bailey |   1004 |   1004 |      0 |    584 |    215 |   1 | 1004.0 |
               +--------+--------+--------+--------+--------+-----+--------+

Top non-repeatable levels by time:
     D:5: 1841 daAuts
     D:4: 1496 daAuts
     D:8: 1404 daAuts
     D:2: 1306 daAuts
     D:1: 1270 daAuts
     D:6: 1230 daAuts
     D:7: 1205 daAuts
  Bailey: 1004 daAuts
     D:3: 791 daAuts
     D:9: 748 daAuts
    D:11: 435 daAuts
  Temple: 53 daAuts
    D:10: 36 daAuts
